 Dungeon Crawl Stone Soup version 0.31-a0-1469-gd420192249 (webtiles) character file.

Game seed: 14391522985588881219

80 BigPumpCobain the Ruffian (level 4, -14/37 HPs)
             Began as a Draconian Shapeshifter on Dec 29, 2023.
             Killed from afar by an acid dragon (27 damage)
             ... with a splash of acid
             ... on level 4 of the Dungeon.
             The game lasted 00:02:44 (2088 turns).

BigPumpCobain the Ruffian (Draconian Shapeshifter)  Turns: 2088, Time: 00:02:45

Health: -14/37     AC:  5    Str: 19    XL:     4   Next: 18%
Magic:  4/4        EV: 12    Int: 10    God:
Gold:   160        SH:  0    Dex: 10    Spells: 3/3 levels left

rFire   . .          .
                       - Unarmed
rCold   . . .        (no shield)
rNeg    . . .        (body armour unavailable)
rPois   .            (helmet currently unavailable)
rElec   .            (cloak currently unavailable)
rCorr   .            (gloves currently unavailable)
SInv    .            (boots currently unavailable)
Will    .....        (no amulet)
Stlth   +            (no ring)
HPRegen 0.26/turn    (no ring)
MPRegen 0.09/turn

%: no passive effects
@: beast-form
A: beast (slay +2), AC +5, unfitting armour, cold-blooded
a: Begin Untransformation


You were on level 4 of the Dungeon.
You were a hulking beast.
You visited 1 branch of the dungeon, and saw 4 of its levels.

You collected 160 gold pieces.

Inventory:

Jewellery
 f - a ring of ice
 n - a ring of poison resistance
Talismans
 b - a beast talisman
 c - a flux talisman
Wands
 l - a wand of polymorph (1)
Scrolls
 d - a scroll of teleportation {unknown}
 g - a scroll of enchant weapon
 i - a scroll of fear {unknown}
 k - a scroll of identify
 m - a scroll of revelation {unknown}
Potions
 a - a potion of lignification
 e - 5 potions of curing {unknown}
 h - a potion of heal wounds {unknown}
 j - a potion of degeneration {unknown}


   Skills:
 + Level 2.3 Fighting
 - Level 1.7 Dodging
 * Level 4.1 Unarmed Combat
 + Level 3.5 Shapeshifting


You had 3 spell levels left.
You didn't know any spells.
Your spell library was empty.

Dungeon Overview and Level Annotations

Branches:
Dungeon (4/15)
 Temple: D:4-7

Altars:
The Shining One

Shops:
D:2 ?   D:4 =*


Innate Abilities, Weirdness & Mutations

You are a hulking beast.
Your limbs bulge with bestial killing power. (Slay +2)
Your plain brown scales are hard. (AC +5)
You cannot fit into any form of body armour.
You are cold-blooded and may be slowed by cold attacks.


Message History

Press: ? - help, Shift-Dir - straight line, f/p - sky beast
Aim: a sky beast (will become a tengu, an acid dragon, or a wyvern, chance to affect: 49%)
The sky beast evaporates and reforms as an acid dragon!
You closely miss the acid dragon. The acid dragon spits acid at you.
The splash of acid misses you.
You closely miss the acid dragon.
Your tail-slap misses the acid dragon.
The acid dragon barely misses you. The acid dragon closely misses you.
You hit the acid dragon but do no damage.
Your tail-slap misses the acid dragon.
The acid dragon barely misses you. The acid dragon closely misses you.
You barely miss the acid dragon. You punch the acid dragon!
The acid dragon is moderately wounded.
The acid dragon closely misses you. The acid dragon barely misses you.
You hit the acid dragon. You tail-slap the acid dragon.
The acid dragon is heavily wounded.
The acid dragon barely misses you. x2
You hit the acid dragon. Your punch misses the acid dragon.
The acid dragon is severely wounded.
The acid dragon spits acid at you. The splash of acid hits you!!
Ouch! That really hurt!
You hit the acid dragon.
The acid dragon is severely wounded.
The acid dragon closely misses you.
The acid dragon claws you but does no damage.
You hit the acid dragon but do no damage.
The acid dragon is severely wounded.
The acid dragon bites you but does no damage.
The acid dragon barely misses you.
You hit the acid dragon. Your punch misses the acid dragon.
The acid dragon is severely wounded.
The acid dragon completely misses you. The acid dragon claws you.
You hit the acid dragon but do no damage.
The acid dragon is severely wounded.
The acid dragon spits acid at you. The splash of acid hits you!!
Ouch! That really hurt!
You die...

....### ....# #$ .. ....#
#. .) ....# #. .# ....#
### ##.#.# #.######..
....# ##.......# #...##
#...# #).# #.D..#
....####.## # #h..#
##..##....##.# #...# #.
#......∩..<.# #...###...
##..###...#######........
)...###.#................
............#####..######
.........##........#
.##......##........# #
#####.###.########


You could see an acid dragon (catching breath).

Vanquished Creatures
  An adder (D:2)
  2 worms
  An orc (D:3)
  9 ball pythons
  3 endoplasms
  5 giant cockroaches
  7 hobgoblins
  6 jackals
  5 bats
  7 frilled lizards
  6 goblins
  3 kobolds
  5 rats
60 creatures vanquished.

Notes
Turn   | Place    | Note
-------+----------+-------------------------------------------
     0 | D:1      | BigPumpCobain the Draconian Shapeshifter began the quest
                  | for the Orb.
     0 | D:1      | Reached XP level 1. HP: 16/16 MP: 1/1
    52 | D:1      | Reached XP level 2. HP: 20/23 MP: 2/2
   464 | D:1      | Reached XP level 3. HP: 29/29 MP: 3/3
   832 | D:2      | Found Bitidela's Magic Scroll Shop.
   849 | D:2      | Found a glowing golden altar of the Shining One.
  1018 | D:2      | Reached skill level 4 in Unarmed Combat
  1467 | D:3      | Found a faded altar of an unknown god.
  1489 | D:3      | Reached XP level 4. HP: 36/36 MP: 4/4
  1979 | D:4      | Found Jeutujats's Jewellery Boutique.
  1979 | D:4      | Noticed a bullfrog
  2028 | D:4      | Found Deiti's Assorted Antiques.
  2073 | D:4      | Noticed an ogre
  2074 | D:4      | an ogre changed into a fire bat
  2074 | D:4      | Noticed a fire bat
  2075 | D:4      | a fire bat changed into a wyvern
  2075 | D:4      | Noticed a wyvern
  2076 | D:4      | a wyvern changed into a sky beast
  2076 | D:4      | Noticed a sky beast
  2077 | D:4      | a sky beast changed into an acid dragon
  2077 | D:4      | Noticed an acid dragon
  2088 | D:4      | Killed from afar by an acid dragon

Illustrated notes

Levels and vault maps discovered:
D:1:      wander_arrival_desolate, layout_basic
D:2:      layout_loops_ring, serial_shops, shop, basic_altar
D:3:      layout_loops_ring, chequers_ecumenical_altar_simple_redux
D:4:      layout_loops_ring, serial_shops, shop_coins, nicolae_take_the_stairs,
          uniq_blork_the_orc

Skill      XL: |  1  2  3 |
---------------+----------+-----
Fighting       | 2 |  2.3
Unarmed Combat | 4 |  4.1
Dodging        | |  1.7
Shapeshifting  | |  3.5

Action                     |  1- 3 |  4- 6 || total
---------------------------+-------+-------++-------
  Melee: Unarmed           |   137 |    37 ||   174
         Punch             |     4 |       ||     4
         Tailslap          |    10 |     6 ||    16
  Evoke: Wand              |       |     4 ||     4
    Use: Scroll            |     1 |       ||     1
   Stab: Sleeping          |     1 |       ||     1
 Armour: Skin              |    62 |    16 ||    78
  Dodge: Dodged            |    85 |    34 ||   119

Table legend: (Time is in decaauts)
 A = Elapsed time spent in this place.
 B = Non-inter-level travel time spent in this place.
 C = Inter-level travel time spent in this place.
 D = Time resting spent in this place.
 E = Time spent auto-exploring this place.
 F = Levels seen in this place.
 G = Mean time per level.
                   A        B        C        D        E       F      G
               +--------+--------+--------+--------+--------+-----+--------+
         Total |   2075 |   2004 |     71 |      0 |   1628 |   4 |  518.8 |
       Dungeon |   2075 |   2004 |     71 |      0 |   1628 |   4 |  518.8 |
               +--------+--------+--------+--------+--------+-----+--------+

Top non-repeatable levels by time:
     D:1: 719 daAuts
     D:3: 683 daAuts
     D:2: 549 daAuts
     D:4: 123 daAuts
